 Dungeon Crawl Stone Soup version 0.19.4 (webtiles) character file.

140 Jerry the Covered (level 4, 0/37 HPs)
             Began as a Demigod Air Elementalist on Jan 31, 2017.
             Succumbed to a killer bee's poison
             ... on level 2 of the Dungeon.
             The game lasted 00:09:07 (2970 turns).

Jerry the Covered (Demigod Air Elementalist)        Turns: 2970, Time: 00:09:08

Health: 0/37       AC: 10    Str: 16    XL:     4   Next: 72%
Magic:  9/9        EV:  6    Int: 19    God:
Gold:   74         SH:  3    Dex: 16    Spells: 2 memorised, 3 levels left

rFire  . . .     SeeInvis .     y - +1 whip (freeze)
rCold  . . .     Gourm    .     i - +0 chain mail (curse)
rNeg   . . .     Faith    .     v - +0 buckler
rPois  .         Spirit   .     (no helmet)
rElec  .         Reflect  .     t - +0 cloak
rCorr  .         Harm     .     (no gloves)
MR     .....                    (no boots)
Stlth  ..........               (no amulet)
                                (no ring)
                                n - +3 ring of strength

@: lethally poisoned (0 -> -16)
A: high mp 1
a: no special abilities


You were on level 2 of the Dungeon.
You were very hungry.

You visited 1 branch of the dungeon, and saw 3 of its levels.

You collected 74 gold pieces.

Inventory:

Hand Weapons
 g - a +0 spear
 y - a +1 whip of freezing (weapon)
 z - a +0 hunting sling
Missiles
 u - 26 sling bullets
Armour
 a - a +0 robe
 d - a +2 large shield
 i - a cursed +0 chain mail (worn)
 t - a +0 cloak (worn)
 v - a +0 buckler (worn)
Jewellery
 n - a +3 ring of strength (left hand)
Wands
 q - a wand of lightning (8/15)
Scrolls
 m - a scroll of fear {unknown}
 o - 3 scrolls of identify {unknown}
 p - a scroll of blinking {unknown}
Potions
 e - a potion of agility {unknown}
 f - a potion of lignification {unknown}
 l - a potion of cure mutation {unknown}
 r - 2 potions of mutation {unknown}
 s - a potion of heal wounds {unknown}
 w - a potion of might {unknown}
Books
 b - a book of Air

   Spells                             Type                      Level
   a - Shock                          Conjuration/Air              1
   b - Swiftness                      Charms/Air                   2
   c - Repel Missiles                 Charms/Air                   2
   d - Static Discharge               Conjuration/Air              3
   e - Lightning Bolt                 Conjuration/Air              5
Comestibles
 c - 3 bread rations
 j - 3 fruits
 k - 3 meat rations


   Skills:
 + Level 2.8 Fighting
 + Level 2.9 Armour
 - Level 1.7 Dodging
 - Level 1.7 Stealth
 - Level 1.7 Spellcasting
 - Level 0.8 Conjurations
 - Level 2.6 Air Magic


You had 3 spell levels left.
You knew the following spells:

 Your Spells              Type           Power        Failure   Level  Hunger
a - Shock                 Conj/Air       #...         100%        1    #......
b - Repel Missiles        Chrm/Air       #.....       100%        2    ###....


Dungeon Overview and Level Annotations

Branches:
Dungeon (3/15)


Innate Abilities, Weirdness & Mutations

You have an increased reservoir of magic. (+10% MP)


Message History

You feel sick.
The killer bee stings you but does no damage.
The killer bee closely misses you.
You hit the killer bee. You freeze the killer bee.
The killer bee is heavily wounded.
* * * LOW HITPOINT WARNING * * *
You feel sick. The killer bee barely misses you.
The killer bee stings you but does no damage.
You miss the killer bee.
The killer bee is heavily wounded.
* * * LOW HITPOINT WARNING * * *
You feel sick. The killer bee barely misses you. x3
You miss the killer bee.
The killer bee is heavily wounded.
* * * LOW HITPOINT WARNING * * *
You feel sick. The killer bee barely misses you.
The killer bee stings you but does no damage.
Your chain mail prevents you from hitting the killer bee.
The killer bee is heavily wounded.
You die...

....#
######..##.#
#...# .§..#
##.##.#####...#
_..##
#.##.........#
..##
#.##.#####...#
### #..#.#
#...# ##.#.#
#...# #...###
#.### ##).y.#
#.# #..@..#
#.###### ###
#.....#
#......# ..#
###### #.....#
#......# #.#
#....# #.....#
#......# #.##
#...[# #######
#......### #..#
#....####
#........# ...#
#.......#
#.###..(.# #..#
#.......#
#.###....###
#..####÷......#
#...........


You could see a killer bee.

Vanquished Creatures
  Ijyb (D:2)
  Terence (D:2)
  2 adders
  A gnoll (D:1)
  An ooze (D:1)
  A worm (D:2)
  2 dart slugs (D:1)
  2 leopard geckos
  A ball python (D:2)
  6 bats
  7 goblins
  4 hobgoblins
  7 jackals (D:1)
  5 kobolds
  4 frilled lizards
  4 rats
49 creatures vanquished.

Notes
Turn   | Place    | Note
-------+----------+-------------------------------------------
     0 | D:1      | Jerry the Demigod Air Elementalist began the quest for the Orb.
     0 | D:1      | Reached XP level 1. HP: 14/14 MP: 5/5
   313 | D:1      | Reached skill level 1 in Fighting
   336 | D:1      | Reached skill level 1 in Armour
   336 | D:1      | Reached XP level 2. HP: 23/23 MP: 2/7
   407 | D:1      | Learned a level 2 spell: Repel Missiles
  1040 | D:1      | Reached XP level 3. HP: 23/28 MP: 8/8
  2120 | D:2      | Found a snail-covered altar of Cheibriados.
  2289 | D:2      | Reached XP level 4. HP: 37/37 MP: 9/9
  2369 | D:2      | Noticed Ijyb
  2388 | D:2      | Killed Ijyb
  2454 | D:2      | Noticed Terence
  2470 | D:2      | Killed Terence
  2520 | D:2      | Found a shadowy altar of Dithmenos.
  2668 | D:3      | Noticed a phantom
  2970 | D:2      | Succumbed to a killer bee's poison

Skill      XL: |  1  2  3 |
---------------+----------+-----
Fighting       | 1 2 |  2.8
Armour         | 1 2 |  2.9
Dodging        | |  1.7
Stealth        | |  1.7
Spellcasting   | |  1.7
Conjurations   | |  0.8
Air Magic      | |  2.6

Action                   |  1- 3 |  4- 6 || total
-------------------------+-------+-------++-------
Melee: Spear             |   189 |    19 ||   208
       Whip              |       |    40 ||    40
 Fire: Hunting sling     |       |     2 ||     2
Throw: Throwing net      |     1 |       ||     1
 Cast: Shock             |    16 |       ||    16
       Repel Missiles    |     1 |       ||     1
  Eat: Chunk             |     5 |     1 ||     6
Armor: Robe              |     5 |       ||     5
       Chain mail        |    88 |    33 ||   121
Dodge: Dodged            |    21 |    12 ||    33
       Deflected         |     1 |       ||     1
Block: Large shield      |   102 |       ||   102
       Buckler           |     3 |     9 ||    12
